 Dungeon Crawl Stone Soup version 0.31.0-32-g396128a36d (webtiles) character file.

Game seed: 9331851536310362145

28 Alphaeus the Ruffian (level 2, -2/27 HPs)
             Began as a Troll Shapeshifter on Mar 19, 2024.
             Engulfed by a cloud of flame (17 damage)
             ... on level 1 of the Dungeon.
             The game lasted 00:00:47 (521 turns).

Alphaeus the Ruffian (Troll Shapeshifter)            Turns: 521, Time: 00:00:48

Health: -2/27      AC:  4    Str: 21    XL:     2   Next: 96%
Magic:  1/1        EV:  9    Int:  6    God:
Gold:   91         SH:  0    Dex:  9    Spells: 1/1 levels left

rFire   . .          .
                       - Unarmed
rCold   . . .        (no shield)
rNeg    . . .        a - +0 animal skin
rPois   .            (helmet currently unavailable)
rElec   .            (cloak currently unavailable)
rCorr   .            (gloves unavailable)
SInv    .            (boots unavailable)
Will    .....        (no amulet)
Stlth   +            (no ring)
HPRegen 1.04/turn    (no ring)
MPRegen 0.07/turn

%: no passive effects
@: beast-form
A: beast (slay +1), large, unfitting armour, claws 3, regeneration 1, shaggy fur
1, tough skin 1
a: Begin Untransformation


You were on level 1 of the Dungeon.
You were a hulking beast.
You visited 1 branch of the dungeon, and saw 1 of its levels.

You collected 91 gold pieces.

Inventory:

Armour
 a - a +0 animal skin (worn)
Jewellery
 g - a ring of protection from fire
Talismans
 c - a beast talisman
 d - a flux talisman
Scrolls
 e - 2 scrolls of teleportation {unknown}
Potions
 b - 2 potions of lignification
 f - a potion of haste {unknown}


   Skills:
 + Level 1.2 Fighting
 - Level 1.5 Dodging
 * Level 3.5 Unarmed Combat
 * Level 3.4 Shapeshifting


You had one spell level left.
You didn't know any spells.
Your spell library was empty.

Dungeon Overview and Level Annotations

Branches:
Dungeon (1/15)

Altars:


Innate Abilities, Weirdness & Mutations

You are a hulking beast.
Your limbs bulge with bestial killing power. (Slay +1)
You are too large for most types of armour.
You have claws for hands.
Your natural rate of healing is unusually fast.
You are covered in fur. (AC +1)
You have tough skin. (AC +1)


Message History

The bat is heavily wounded.
The bat closely misses you.
No target in view!
No target in view!
No target in view!
No target in view!
No target in view!
No target in view!
No target in view!
Found a book of Spectacle and a sling.
The bat hits you but does no damage.
A bat is nearby!
No reachable target in view!
No reachable target in view!
No reachable target in view!
No reachable target in view!
No reachable target in view!
No reachable target in view!
No reachable target in view!
No reachable target in view!
No reachable target in view!
No reachable target in view!
No reachable target in view!
No reachable target in view!
No reachable target in view!
No reachable target in view!
No reachable target in view!
You closely miss the bat.
The bat is heavily wounded.
The bat barely misses you.
You scratch the bat but do no damage.
The bat is moderately wounded.
The bat hits you. The bat hits you but does no damage. The bat hits you.
You claw the bat!
You kill the bat!
Okay, then.
You are engulfed in blazing flames.
You are engulfed in blazing flames.
Ouch! That really hurt!
You die...

################
...............##
.#####(..#####..#######
#§§○# ##...#...## #§h○#
#....)....# #°°☼#
#..........
#...#####..........
..)...§§...........
°.?.).§§§..........#
§§...?.§§§........[.#
####...#####.........#
#.§.# #....÷>...# #.○§#
#..........


There were no monsters in sight!

Vanquished Creatures
  A dart slug (D:1)
  4 bats (D:1)
  2 endoplasms (D:1)
  A giant cockroach (D:1)
  2 goblins (D:1)
  3 hobgoblins (D:1)
  2 kobolds (D:1)
  3 ball pythons (D:1)
  A frilled lizard (D:1)
  3 rats (D:1)
22 creatures vanquished.

Vanquished Creatures (others)
  An endoplasm (D:1)
1 creature vanquished.

Grand Total: 23 creatures vanquished

Notes
Turn   | Place    | Note
-------+----------+-------------------------------------------
     0 | D:1      | Alphaeus the Troll Shapeshifter began the quest for the
                  | Orb.
     0 | D:1      | Reached XP level 1. HP: 18/18 MP: 0/0
   123 | D:1      | Reached skill level 1 in Fighting
   141 | D:1      | Reached XP level 2. HP: 27/27 MP: 1/1
   356 | D:1      | Found a faded altar of an unknown god.
   521 | D:1      | Engulfed by a cloud of flame

Illustrated notes

Levels and vault maps discovered:
D:1:      minmay_arrival_nine_rooms, layout_rooms,
          shapermc_ecumenical_altar_acropolis, lemuel_flame_loot_1

Skill      XL: |  1 |
---------------+----+-----
Fighting       | 1 |  1.2
Dodging        | |  1.5
Unarmed Combat | |  3.5
Shapeshifting  | |  3.4

Action                     || total
---------------------------++-------
  Melee: Unarmed           ||    57
         Punch             ||     1
   Stab: Sleeping          ||     1
 Armour: Animal skin       ||    50
  Dodge: Dodged            ||    22
